 Dungeon Crawl Stone Soup version 0.29.1-12-g30fa7ad0bf (webtiles) character file.

Game seed: 2823672650372878389

646 hawla the Chiller (level 8, -3/68 HPs)
             Began as a Meteoran Ice Elementalist on Jan 8, 2023.
             Was a Follower of Vehumet.
             Slain by an ice beast (13 damage)
             ... on level 6 of the Dungeon.
             The game lasted 00:08:38 (1134 turns).

hawla the Chiller (Meteoran Ice Elementalist)       Turns: 1134, Time: 00:08:38

Health: -3/68      AC:  3    Str:  7 (8)  XL:     8   Next: 9%
Magic:  12/14      EV: 12    Int: 15 (18) God:    Vehumet [*.....]
Gold:   89         SH:  0    Dex: 13 (15) Spells: 6/14 levels left

rFire   + . .      SeeInvis .   k - +2 dagger (chaos)
rCold   . . .      Faith    .   (no shield)
rNeg    . . .      Spirit   .   a - +0 robe
rPois   .          Reflect  .   (no helmet)
rElec   .          Harm     .   (no cloak)
rCorr   .          Rampage  .   (no gloves)
Will    +....                   (no boots)
Stlth   +.........              (no amulet)
HPRegen 0.21/turn               l - ring of protection from fire
MPRegen 0.14/turn               (no ring)

@: brilliant, hasted, glowing, very quick
A: sense surroundings 1, otherworldly, glowing, explore regen, camouflage 1,
screaming 1, shaggy fur 1, weak 1
a: Renounce Religion


You were on level 6 of the Dungeon.
You worshipped Vehumet.
Vehumet was aware of your devotion.
You visited 2 branches of the dungeon, and saw 7 of its levels.

You collected 89 gold pieces.

Inventory:

Hand Weapons
 k - a +2 dagger of chaos (weapon)
Armour
 a - a +0 robe (worn)
Jewellery
 b - a ring of ice
 l - a ring of protection from fire (left hand)
Potions
 h - 2 potions of degeneration


   Skills:
 + Level 5.0 Fighting
 - Level 2.8 Dodging
 - Level 1.4 Stealth
 - Level 3.5 Spellcasting
 - Level 5.6 Conjurations
 - Level 5.6 Ice Magic


You had 6 spell levels left.
You knew the following spells:

 Your Spells              Type           Power      Damage    Failure   Level
a - Freeze                Ice            100%       1d11      1%          1
b - Frozen Ramparts       Ice            58%        1d9       5%          3
c - Hailstorm             Conj/Ice       29%        3d8       19%         4

Your spell library contained the following spells:

 Spells                   Type           Power      Damage    Failure   Level
 Sandblast                Erth           8%         2d5       19%         1
 Ozocubu's Armour         Ice            29%        N/A       5%          3


Dungeon Overview and Level Annotations

Branches:
Dungeon (6/15) Zot: 2680   Temple (1/1) D:4 Zot: 383

Altars:
Ashenzari
Cheibriados
Elyvilon
Fedhas
Gozag
Hepliaklqana
Kikubaaqudgha
Makhleb
Nemelex Xobeh
Okawaru
Ru
Sif Muna
Trog
Uskayaw
Vehumet
Wu Jian
Xom
The Shining One

Shops:
D:2 =   D:4 (=


Innate Abilities, Weirdness & Mutations

You passively map a small area around you.
You are easily found by Zot.
You glow in the dark.
You regain HP and MP as you explore.
Your skin changes colour to match your surroundings (Stealth+).
You occasionally shout uncontrollably at your foes.
You are covered in fur. (AC +1)
You are weak. (Str -2)


Message History

The ice beast is lightly wounded.
The ice beast barely misses you.
You barely miss the ice beast.
The ice beast is lightly wounded.
The ice beast hits you but does no damage.
You barely miss the ice beast.
The ice beast is lightly wounded.
You closely miss the ice beast.
The ice beast is lightly wounded.
The ice beast closely misses you.
You hit the ice beast.
The ice beast is poisoned.
The ice beast is lightly wounded.
The ice beast hits you. The ice beast freezes you.
You barely miss the ice beast.
The ice beast is lightly wounded.
You hit the ice beast but do no damage.
The ice beast is lightly wounded.
The ice beast hits you. The ice beast freezes you!
You hit the ice beast.
The ice beast is moderately wounded.
The ice beast hits you. The ice beast freezes you!
You hit the ice beast.
The ice beast is moderately wounded.
You hit the ice beast but do no damage.
The ice beast seems to speed up.
The ice beast is moderately wounded.
The ice beast misses you.
You hit the ice beast.
You melt the ice beast.
The ice beast is moderately wounded.
The ice beast hits you. The ice beast freezes you!
* * * LOW HITPOINT WARNING * * *
You hit the ice beast.
You melt the ice beast.
The ice beast is heavily wounded.
The ice beast hits you.
* * * LOW HITPOINT WARNING * * *
The ice beast freezes you!
* * * LOW HITPOINT WARNING * * *
You feel better. The ice beast hits you.
* * * LOW HITPOINT WARNING * * *
The ice beast freezes you!
You die...

#.#
#.#
#.#
#.#
#.#
#.#
#Y#
#@#
###


You could see an ice beast (fast, very poisoned).

Vanquished Creatures
  A centaur (D:5)
  An ogre (D:5)
  3 necrophages
  A scorpion (D:4)
  A crimson imp (D:4)
  A jelly (D:4)
  A gnoll bouda (D:4)
  2 hounds (D:5)
  3 gnolls (D:4)
  3 adders
  An ufetubus (D:4)
  7 orcs (D:4)
  An endoplasm (D:4)
  6 goblins
  3 hobgoblins
  2 jackals (D:4)
  2 kobolds
  3 ball pythons (D:4)
  A bat (D:1)
43 creatures vanquished.

Notes
Turn   | Place    | Note
-------+----------+-------------------------------------------
     0 | D:1      | hawla the Meteoran Ice Elementalist began the quest for the
                  | Orb.
     0 | D:1      | Reached XP level 1. HP: 14/14 MP: 5/5
    64 | D:1      | Reached XP level 2. HP: 16/20 MP: 2/6
   104 | D:2      | Found Kixim's Jewellery Emporium.
   193 | D:4      | Noticed a scorpion
   202 | D:4      | Killed a scorpion
   203 | D:4      | Reached skill level 5 in Ice Magic
   203 | D:4      | Reached XP level 3. HP: 20/26 MP: 2/8
   203 | D:4      | Reached XP level 4. HP: 26/33 MP: 2/10
   207 | D:4      | Learned a level 3 spell: Frozen Ramparts
   248 | D:4      | Learned a level 4 spell: Hailstorm
   283 | D:4      | Reached XP level 5. HP: 32/38 MP: 3/11
   286 | D:4      | Reached skill level 1 in Conjurations
   287 | D:4      | Found Sour's One-of-a-Kind Rings.
   383 | D:4      | Found a burning altar of Makhleb.
   383 | D:4      | Found a shimmering altar of Xom.
   413 | D:4      | Found Jucaf's Antique Weapon Boutique.
   429 | D:4      | Found a staircase to the Ecumenical Temple.
   452 | Temple   | Entered the Ecumenical Temple
   644 | Temple   | Became a worshipper of Vehumet
   742 | D:4      | Noticed a necrophage
   746 | D:4      | Reached XP level 6. HP: 37/45 MP: 7/12
   755 | D:4      | Reached skill level 5 in Conjurations
   888 | D:5      | Entered Level 5 of the Dungeon
   891 | D:5      | Noticed a centaur
   897 | D:5      | Killed a centaur
   898 | D:5      | Reached XP level 7. HP: 50/55 MP: 2/13
   913 | D:5      | Found a sacrificial altar of Ru.
   961 | D:5      | Found a bloodstained altar of Trog.
  1026 | D:5      | Reached * piety under Vehumet
  1026 | D:5      | Offered knowledge of Sandblast by Vehumet.
  1087 | D:5      | Reached skill level 5 in Fighting
  1087 | D:5      | Reached XP level 8. HP: 51/68 MP: 7/14
  1118 | D:6      | Gained mutation: You occasionally shout uncontrollably at
                  | your foes. [potion of mutation]
  1118 | D:6      | Gained mutation: You are covered in fur. (AC +1) [potion of
                  | mutation]
  1118 | D:6      | Gained mutation: You are weak. (Str -2) [potion of
                  | mutation]
  1118 | D:6      | Gained mutation: Your skin changes colour to match your
                  | surroundings (Stealth+). [potion of mutation]
  1134 | D:6      | Slain by an ice beast

Illustrated notes

Levels and vault maps discovered:
D:1:      dpeg_arrival_oval, layout_basic, basic_ecumenical_altar,
          minmay_fountain_box, minmay_hexomino_c4
D:2:      layout_loops_ring, serial_shops, nicolae_shop_advertising_works
          [nicolae_subvault_shop_adworks], uniq_terence
D:3:      layout_basic, nicolae_elevator_lobby_plus
D:4:      layout_basic, grunt_temple_overflow_champion_of_chaos,
          grunt_qazlal_clouds, minmay_temple_entry_stoned_glass, serial_shops,
          nicolae_square_shop, st_stairs_13, nicolae_shop_unique_rings,
          hangedman_abyss_or_decor_lesser_grid, kennysheep_dice
D:5:      layout_loops_ring, lemuel_round_altar, lemuel_crystal_altar,
          amcnicky_mini_pool_small
D:6:      layout_basic, nicolae_overflow_crystal_walls, serial_shops, shop,
          minivault_11, minmay_misc_feat_ornament,
          hangedman_abyss_or_decor_passed, grunt_decor_fettered, uniq_edmund
Temple:   nicolae_temple_bog_church

Skill      XL: |  1  2  3  4  5  6  7 |
---------------+----------------------+-----
Spellcasting   | 3 |  3.5
Ice Magic      | 5 |  5.6
Conjurations   | 3 5 |  5.6
Fighting       | 2 5 |  5.0
Dodging        | |  2.8
Stealth        | |  1.4

Action                   |  1- 3 |  4- 6 |  7- 9 || total
-------------------------+-------+-------+-------++-------
Melee: Unarmed           |       |     1 |       ||     1
       Dagger            |       |     4 |    43 ||    47
       Punch             |       |       |     1 ||     1
 Cast: Freeze            |    13 |    22 |     6 ||    41
       Frozen Ramparts   |       |    12 |     4 ||    16
       Hailstorm         |       |     3 |     2 ||     5
  Use: Scroll            |       |     3 |     1 ||     4
       Potion            |       |     1 |     7 ||     8
Armor: Robe              |     2 |     3 |     5 ||    10
Dodge: Dodged            |     4 |    11 |    40 ||    55
